 Dungeon Crawl Stone Soup version 0.29-a0-297-g7659ce593d (webtiles) character file.

Game seed: 17676668133011186533

6428 jmlagarto the Fighter (level 10, -8/91 HPs)
             Began as a Minotaur Berserker on Mar 21, 2022.
             Was a Priest of Trog.
             Mangled by Sonja
             ... wielding a +2 short sword of distortion
              (13 damage)
             ... on level 10 of the Dungeon.
             The game lasted 00:23:13 (11386 turns).

jmlagarto the Fighter (Minotaur Berserker)         Turns: 11386, Time: 00:23:15

Health: -8/91      AC: 20    Str: 27    XL:     10   Next: 67%
Magic:  9/9        EV:  8    Int:  4    God:    Trog [***...]
Gold:   462        SH: 13    Dex:  9    Spells: 9/9 levels left

rFire   . . .      SeeInvis .   r - +0 war axe
rCold   . . .      Faith    .   A - +0 kite shield
rNeg    . . .      Spirit   .   l - +0 plate armour
rPois   .          Reflect  +   (helmet restricted)
rElec   .          Harm     .   n - +0 cloak
rCorr   +          Rampage  .   a - +0 pair of gloves
Will    .....                   o - +2 pair of boots
Stlth   ..........              h - amulet of reflection
HPRegen 0.25/turn               u - ring of resist corrosion
MPRegen 0.11/turn               (no ring)

@: lethally poisoned (-8 -> -11), slowed, very slow
A: horns 2, retaliatory headbutt
a: Renounce Religion, Berserk, Trog's Hand


You were on level 10 of the Dungeon.
You worshipped Trog.
Trog was most pleased with you.
You visited 1 branch of the dungeon, and saw 10 of its levels.

You collected 504 gold pieces.
You spent 42 gold pieces at shops.

Inventory:

Hand Weapons
 r - a +0 war axe (weapon)
 G - a +2 mace of protection
 H - a +2 whip of flaming
Missiles
 d - 224 stones (quivered)
 B - 8 poisoned darts
Armour
 a - a +0 pair of gloves (worn)
 l - a +0 plate armour (worn)
 n - a +0 cloak (worn)
 o - a +2 pair of boots (worn)
 A - a +0 kite shield (worn)
 C - +0 steam dragon scales
Jewellery
 h - an amulet of reflection (around neck)
 u - a ring of resist corrosion (left hand)
Wands
 m - a wand of flame (14)
 v - a wand of mindburst (7)
 y - a wand of iceblast (6)
 D - a wand of digging (2)
 F - a wand of acid (8)
Scrolls
 c - a scroll of teleportation
 e - 3 scrolls of fog {unknown}
 j - 2 scrolls of enchant armour
 k - a scroll of summoning {unknown}
 q - a scroll of torment {unknown}
 t - a scroll of immolation {unknown}
 E - a scroll of identify
Potions
 b - 3 potions of attraction
 f - a potion of lignification
 i - 3 potions of heal wounds
 p - a potion of might {unknown}
 w - 2 potions of flight {unknown}
 x - 2 potions of berserk rage
 z - a potion of ambrosia {unknown}


   Skills:
 + Level 9.2 Fighting
 + Level 9.2 Axes
 + Level 8.8 Armour
 + Level 8.0 Dodging
 + Level 5.7 Shields
 + Level 5.8 Evocations


You had 9 spell levels left.
You didn't know any spells.
Your spell library was empty.

Dungeon Overview and Level Annotations

Branches:
Dungeon (10/15)            Temple (0/1) D:5             Orc (0/2) D:9
   Lair: D:8-11

Altars:
Gozag
Hepliaklqana
Okawaru
Ru
Uskayaw
Beogh

Shops:
D:1 :   D:5 (!([

Annotations:
D:5 2 transporters
D:10 Sonja


Innate Abilities, Weirdness & Mutations

You have a pair of horns on your head.
You reflexively headbutt those who attack you in melee.


Message History

Okay, then.
Aiming: Mindburst
Press: ? - help, Shift-Dir - straight line, f - Sonja
Aim: Sonja, wielding a +2 short sword of distortion and quivering curare-tipped darts (unusually resistant, chance to affect: 88%) Sonja's mind is blasted!
You feel the effects of Trog's Hand fading.
You feel sick.
Sonja throws a curare-tipped dart.
The curare-tipped dart hits you.
You are more poisoned.
You have difficulty breathing.
* * * LOW HITPOINT WARNING * * *
You feel as though you will be slow longer.
You feel better.
Sonja throws a curare-tipped dart.
The curare-tipped dart closely misses you.
Sonja barely misses you. x2; You block Sonja's attack.
Sonja hits you but does no damage.
You blink.
Found 10 gold pieces.
Found an escape hatch in the ceiling.
Found a stone staircase leading down.
Found an escape hatch in the floor.
Sonja throws a curare-tipped dart.
The curare-tipped dart hits you.
You are poisoned.
You have difficulty breathing.
* * * LOW HITPOINT WARNING * * *
You feel as though you will be slow longer.
Your skin stops crawling.
You feel less strong-willed.
You feel sick. You block Sonja's attack. x2
Sonja hits you with a +2 short sword of distortion.
* * * LOW HITPOINT WARNING * * *
Space warps around you.
* * * LOW HITPOINT WARNING * * *
Sonja hits you with a +2 short sword of distortion.
* * * LOW HITPOINT WARNING * * *
Sonja hits you but does no damage.
You blink.
You feel sick.
Sonja is no longer unusually resistant.
You block Sonja's attack. Sonja hits you but does no damage.
Space warps around you.
* * * LOW HITPOINT WARNING * * *
Sonja hits you with a +2 short sword of distortion.
* * * LOW HITPOINT WARNING * * *
Space warps horribly around you!
You die...

.⌠...⌠...⌠.#
......≈.≈!≈)≈.≈.≈.≈.≈#
.>........⌠...⌠...⌠...#
........≈.≈.≈.≈.≈.≈.≈.≈#
.........⌠...⌠...⌠...⌠.#
..........≈.≈.≈.≈.≈.≈.##
.....................#.#
....................#.####
........§K@.........#.#..#
...#...............#...##
##..............###.#
#.............###...#
.....^...#.....# #...###
..........###....###......
.............#.............#
$......................:....
.........>..................


You could see Sonja.

Vanquished Creatures
  A sixfirhy (D:8)
  Pikel (D:9)
  Maggie (D:8)
  A hornet (D:8)
  Prince Ribbit (D:5)
  A wraith (D:9)
  7 yaks (D:9)
  Menkaure (D:5)
  An acid dragon (D:8)
  2 water moccasins
  A black bear (D:7)
  An ice beast (D:7)
  3 orc warriors
  2 ogres
  A phantom (D:5)
  A centaur (D:7)
  4 lemures (D:9)
  2 kobold brigands
  2 bullfrogs (D:8)
  5 scorpions
  A necrophage (D:5)
  A gnoll sergeant (D:8)
  7 wights
  3 killer bees (D:9)
  A howler monkey (D:8)
  A jelly (D:8)
  7 orc priests
  5 hounds
  4 iguanas
  Terence (D:2)
  Natasha (thrice) (D:3)
  14 orc wizards
  9 gnolls
  3 adders (D:2)
  An ufetubus (D:6)
  A worm (D:3)
  A dart slug (D:1)
  44 orcs
  4 ball pythons
  6 bats
  7 endoplasms
  A giant cockroach (D:1)
  A hobgoblin (D:1)
  4 quokkas
  2 frilled lizards
  3 goblins
  16 kobolds
  7 rats
197 creatures vanquished.

Vanquished Creatures (others)
  An orc wizard (D:5)
  2 fungi (D:5)
3 creatures vanquished.

Grand Total: 200 creatures vanquished

Notes
Turn   | Place    | Note
-------+----------+-------------------------------------------
     0 | D:1      | jmlagarto the Minotaur Berserker began the quest for the
                  | Orb.
     0 | D:1      | Reached XP level 1. HP: 19/19 MP: 0/0
   296 | D:1      | Reached XP level 2. HP: 22/27 MP: 1/1
   446 | D:1      | Found Hiepol's Book Boutique.
   503 | D:1      | Found a faded altar of an unknown god.
  1282 | D:2      | Reached XP level 3. HP: 29/33 MP: 2/2
  1415 | D:2      | Noticed Terence
  1421 | D:2      | Killed Terence
  1422 | D:2      | Reached XP level 4. HP: 41/41 MP: 3/3
  1832 | D:2      | Reached ** piety under Trog
  2000 | D:2      | Reached XP level 5. HP: 47/47 MP: 4/4
  2303 | D:3      | Noticed Natasha
  2310 | D:3      | Killed Natasha
  2331 | D:3      | Noticed Natasha
  2340 | D:3      | Killed Natasha
  2687 | D:3      | Noticed Natasha
  2694 | D:3      | Killed Natasha
  2725 | D:3      | Reached skill level 5 in Fighting
  2873 | D:3      | Reached skill level 5 in Axes
  2878 | D:3      | Found an opulent altar of Gozag.
  3182 | D:4      | Noticed an ogre
  3191 | D:4      | Killed an ogre
  3192 | D:4      | Reached XP level 6. HP: 56/56 MP: 5/5
  3252 | D:4      | Found a hide-covered altar of Uskayaw.
  3361 | D:4      | Reached skill level 1 in Evocations
  4870 | D:5      | Entered Level 5 of the Dungeon
  4908 | D:5      | Noticed Prince Ribbit
  4909 | D:5      | Found a staircase to the Ecumenical Temple.
  4912 | D:5      | Reached XP level 7. HP: 61/61 MP: 6/6
  4916 | D:5      | Killed Prince Ribbit
  4917 | D:5      | Reached skill level 5 in Armour
  5005 | D:5      | Reached skill level 5 in Dodging
  5258 | D:5      | Found Lunn's Weapon Boutique.
  5282 | D:5      | Noticed Menkaure
  5296 | D:5      | Killed Menkaure
  5297 | D:5      | Reached XP level 8. HP: 45/71 MP: 7/7
  5491 | D:5      | Found Xoerinun's Distillery.
  5496 | D:5      | Bought a potion of curing for 42 gold pieces
  5873 | D:5      | Found Ragyshrorch's Weapon Emporium.
  5919 | D:5      | Found a hazy altar of Hepliaklqana.
  5943 | D:5      | Found a transporter.
  6077 | D:5      | Found a transporter.
  6164 | D:5      | Found Sokodae's Armour Shoppe.
  6185 | D:5      | Found an iron altar of Okawaru.
  6828 | D:6      | Found a sacrificial altar of Ru.
  7517 | D:7      | Reached XP level 9. HP: 75/79 MP: 8/8
  7750 | D:7      | Noticed a manticore
  8738 | D:8      | Reached *** piety under Trog
  8894 | D:8      | Found a runed translucent door.
  8894 | D:8      | Noticed a sixfirhy
  8894 | D:8      | Noticed Maggie
  8912 | D:8      | Killed Maggie
  8913 | D:8      | Reached skill level 5 in Evocations
  8933 | D:8      | Killed a sixfirhy
  9318 | D:8      | Reached XP level 10. HP: 83/90 MP: 9/9
  9931 | D:9      | Noticed Pikel
  9966 | D:9      | Killed Pikel
 10446 | D:9      | Reached skill level 5 in Shields
 10454 | D:9      | Found a staircase to the Orcish Mines.
 11335 | D:10     | Entered Level 10 of the Dungeon
 11368 | D:10     | Noticed Sonja
 11386 | D:10     | Mangled by Sonja

Illustrated notes

Levels and vault maps discovered:
D:1:      roderic_chinese_lattice_arrival, layout_loops_ring, serial_shops,
          nicolae_shop_stone, shapermc_ecumenical_altar_mp_highgroup,
          minmay_stone_trees_small
D:2:      layout_basic, nicolae_underground_beach, uniq_terence
D:3:      layout_basic, mainiacjoe_overflow_small_starburst, uniq_natasha
D:4:      layout_basic, amcnicky_altar_gilded, amcnicky_mini_corridor_feature
D:5:      gammafunk_cloud_chamber, layout_gridville, okawaru_metal_pillars_3,
          mainiacjoe_overflow_concentric_impassable, minmay_temple_entry_waves,
          serial_shops, shop, shop_statue, nicolae_square_shop, kennysheep_mini,
          dreamdust_gnoll_farm, uniq_prince_ribbit1, uniq_menkaure
D:6:      layout_cave_pools, old_standard_altar, sigmund_army
D:7:      layout_basic, minmay_misc_feat_pillars, lightli_corner_chamber
D:8:      cheibrodos_shockbox, layout_loops_corners, serial_park_tiny_2,
          uniq_maggie
D:9:      layout_basic, minmay_orc_entry_temple_small, uniq_pikel
D:10:     layout_big_octagon, lemuel_zombie_altar_kikubaaqudgha,
          grunt_temple_overflow_holy_war, kennysheep_crisscross, uniq_sonja

Skill      XL: |  1  2  3  4  5  6  7  8  9 10 |
---------------+-------------------------------+-----
Fighting       | 4 5 6 7 8 9 |  9.2
Axes           | 4 5 6 7 8 9 |  9.2
Armour         | 3 4 5 6 8 |  8.8
Dodging        | 3 4 5 6 7 8 |  8.0
Evocations     | 1 2 4 5 |  5.8
Shields        | 5 |  5.7

Action                   |  1- 3 |  4- 6 |  7- 9 | 10-12 || total
-------------------------+-------+-------+-------+-------++-------
Melee: Hand axe          |    77 |    52 |       |       ||   129
       Headbutt          |     7 |    19 |    32 |    24 ||    82
       War axe           |       |    57 |   220 |   135 ||   412
       Punch             |       |     1 |     3 |       ||     4
Throw: Stone             |       |       |     1 |       ||     1
Invok: Berserk           |     2 |     4 |     7 |     5 ||    18
       Trog's Hand       |       |       |     3 |     4 ||     7
Evoke: Wand              |       |     5 |       |     1 ||     6
  Use: Potion            |       |     1 |     1 |     1 ||     3
       Scroll            |       |     1 |     6 |       ||     7
Armor: Animal skin       |    13 |     5 |       |       ||    18
       Plate armour      |       |    46 |   141 |    74 ||   261
Dodge: Dodged            |    61 |    46 |    84 |    33 ||   224
Block: Other             |       |       |    28 |     3 ||    31
       Reflection        |       |       |     1 |     4 ||     5
       Kite shield       |       |       |       |    99 ||    99

Table legend: (Time is in decaauts)
 A = Elapsed time spent in this place.
 B = Non-inter-level travel time spent in this place.
 C = Inter-level travel time spent in this place.
 D = Time resting spent in this place.
 E = Time spent auto-exploring this place.
 F = Levels seen in this place.
 G = Mean time per level.
                   A        B        C        D        E       F      G
               +--------+--------+--------+--------+--------+-----+--------+
         Total |  11634 |  11338 |    296 |   1262 |   8508 |  10 | 1163.4 |
       Dungeon |  11634 |  11338 |    296 |   1262 |   8508 |  10 | 1163.4 |
               +--------+--------+--------+--------+--------+-----+--------+

Top non-repeatable levels by time:
     D:8: 1869 daAuts
     D:4: 1751 daAuts
     D:5: 1511 daAuts
     D:9: 1475 daAuts
     D:1: 1205 daAuts
     D:7: 1169 daAuts
     D:2: 1002 daAuts
     D:3: 980 daAuts
     D:6: 609 daAuts
    D:10: 59 daAuts
